 Dungeon Crawl Stone Soup version 0.28.0 (webtiles) character file.

Game seed: 1551074063797995560

24099 mopl the Severer (level 12, -1/110 HPs)
             Began as a Minotaur Berserker on Feb 14, 2022.
             Was a High Priest of Trog.
             Killed from afar by a deep elf zephyrmancer (26 damage)
             ... with a bolt of lightning
             ... on level 2 of the Orcish Mines.
             The game lasted 00:17:05 (10959 turns).

mopl the Severer (Minotaur Berserker)              Turns: 10959, Time: 00:17:05

Health: -1/110     AC: 27    Str: 22    XL:     12   Next: 77%
Magic:  3/3        EV:  8    Int:  4    God:    Trog [*****.]
Gold:   1156       SH:  5    Dex: 15    Spells: 11/11 levels left

rFire   + . .      SeeInvis .   f - +1 executioner's axe (antimagic)
rCold   . . .      Faith    .   (shield currently unavailable)
rNeg    . . .      Spirit   .   U - +1 plate armour {rF+}
rPois   .          Reflect  +   (helmet restricted)
rElec   .          Harm     .   R - +0 cloak
rCorr   .          Rampage  .   (no gloves)
Will    .....                   V - +0 pair of boots
Stlth   ..........              B - amulet of reflection
HPRegen 0.28/turn               T - +4 ring of protection
MPRegen 0.08/turn               F - +4 ring of protection

@: on berserk cooldown, slowed, very slow
A: horns 2, retaliatory headbutt
a: Renounce Religion, Berserk, Trog's Hand, Brothers in Arms


You were on level 2 of the Orcish Mines.
You worshipped Trog.
Trog was extremely pleased with you.
You visited 3 branches of the dungeon, and saw 12 of its levels.
You also visited: Sewer, Bailey and Volcano.

You collected 1156 gold pieces.

Inventory:

Hand Weapons
 a - a +1 vorpal war axe
 f - a +1 antimagic executioner's axe (weapon)
 p - a +1 vampiric hand axe
 s - a +2 broad axe of distortion {!w}
 A - a +0 battleaxe
 H - a +0 bardiche of flaming
Missiles
 k - a curare-tipped dart
 n - 18 boomerangs
 t - 19 poisoned darts (quivered)
 I - a throwing net
Armour
 h - a +0 troll leather armour
 R - a +0 cloak (worn)
 U - a +1 plate armour of fire resistance (worn)
 V - a +0 pair of boots (worn)
Jewellery
 c - a ring of ice
 B - an amulet of reflection (around neck)
 F - a +4 ring of protection (right hand)
 G - a ring of see invisible
 T - a +4 ring of protection (left hand)
Wands
 g - a wand of charming (6)
 J - a wand of mindburst (1)
 K - a wand of paralysis (9)
 M - a wand of iceblast (7)
 O - a wand of digging (7)
 P - a wand of flame (24)
 S - a wand of acid (7)
Scrolls
 e - 8 scrolls of teleportation
 j - a scroll of noise {unknown}
 o - 2 scrolls of immolation {unknown}
 q - 2 scrolls of summoning
 r - a scroll of acquirement {unknown}
 u - a scroll of blinking
 v - 3 scrolls of fear {unknown}
 x - a scroll of enchant armour {unknown}
 y - 2 scrolls of magic mapping {unknown}
 D - a scroll of torment {unknown}
 L - a scroll of silence {unknown}
 W - 2 scrolls of fog {unknown}
Potions
 b - 2 potions of lignification {unknown}
 d - 2 potions of curing {unknown}
 i - 2 potions of flight {unknown}
 l - 2 potions of might {unknown}
 m - 4 potions of degeneration {unknown}
 w - 2 potions of heal wounds
 z - 3 potions of haste
 E - a potion of ambrosia
 Q - a potion of mutation {!q}
 X - a potion of resistance
 Y - 3 potions of invisibility {unknown}
Miscellaneous
 C - a piece from Xom's chessboard (15/15)


   Skills:
 + Level 11.5 Fighting
 * Level 15.5 Axes
 + Level 6.1 Throwing
 + Level 11.1 Armour
 - Level 2.1 Dodging
 - Level 7.1 Unarmed Combat
 + Level 6.7 Evocations


You had 11 spell levels left.
You didn't know any spells.
Your spell library contained the following spells:

 Spells                   Type           Power      Damage    Failure   Level
 Beastly Appendage        Tmut           0%         N/A       100%        1
 Sting                    Tmut/Pois      0%         1d3       100%        1
 Ensorcelled Hibernation  Hex/Ice        0%         N/A       100%        2
 Poisonous Vapours        Pois/Air       0%         N/A       100%        2
 Wereblood                Tmut           0%         N/A       100%        2
 Dazzling Flash           Conj/Hex       0%         N/A       100%        3
 Mephitic Cloud           Conj/Pois/Air  0%         N/A       100%        3
 Spider Form              Tmut/Pois      0%         N/A       100%        3
 Tukima's Dance           Hex            0%         N/A       100%        3
 Anguish                  Hex/Necr       0%         N/A       100%        4
 Olgreb's Toxic Radiance  Pois           0%         N/A       100%        4
 Agony                    Necr           0%         N/A       100%        5
 Silence                  Hex/Air        0%         N/A       100%        5


Dungeon Overview and Level Annotations

Branches:
Dungeon (9/15)             Temple (0/1) D:6            Lair (1/6) D:8
    Orc (2/2) D:9             Elf (0/3) Orc:2         Sewer (visited)
 Bailey (visited)         Volcano (visited)

Altars:
Fedhas
Gozag
Hepliaklqana
Nemelex Xobeh
Qazlal
Sif Muna
Uskayaw
Vehumet
Wu Jian
Yredelemnul
Beogh

Shops:
D:5 [


Innate Abilities, Weirdness & Mutations

You have a pair of horns on your head.
You reflexively headbutt those who attack you in melee.


Message History

The deep elf pyromancer is severely wounded.
You slice the deep elf pyromancer!!
You kill the deep elf pyromancer!
Trog accepts your kill.
Trog appreciates your killing of a magic user.
The deep elf zephyrmancer points at you and mumbles some strange words.
The bolt of lightning hits you!
* * * LOW HITPOINT WARNING * * *
You are no longer berserk.
You are exhausted.
You feel yourself slow down.
Items here: $ ))) ? †.
Unknown command.
You feel much better.
You see here 14 gold pieces.
You completely miss the deep elf zephyrmancer.
The deep elf zephyrmancer hits you but does no damage.
You block the deep elf zephyrmancer's attack.
You slash the deep elf zephyrmancer!
The deep elf zephyrmancer's magic leaks into the air.
Your headbutt misses the deep elf zephyrmancer.
The deep elf zephyrmancer is moderately wounded.
The deep elf zephyrmancer falters for a moment.
You block the deep elf zephyrmancer's attack.
You barely miss the deep elf zephyrmancer.
Your headbutt misses the deep elf zephyrmancer.
The deep elf zephyrmancer is moderately wounded.
The deep elf zephyrmancer falters for a moment.
You closely miss the deep elf zephyrmancer.
The deep elf zephyrmancer is moderately wounded.
The deep elf zephyrmancer hits you but does no damage.
The deep elf zephyrmancer gestures at you while chanting.
The bolt of lightning hits you!
* * * LOW HITPOINT WARNING * * *
You completely miss the deep elf zephyrmancer.
Your headbutt misses the deep elf zephyrmancer.
The deep elf zephyrmancer is moderately wounded.
The deep elf zephyrmancer gestures at you while chanting.
The bolt of lightning hits you!!
You die...

#.. ##........#........
... ###...............
... ................ ...
............ ... ...
......... .. ##.
......... ... #.
######........ #..
#...#./..#.............
.#.
#...<.@e.))............
.#
#...#....#.)...........
..#
.....######)............
.## .
......................
##
...................... #
............#...#.....
......................
#.##...#........#.....
##...........##....


You could see a deep elf zephyrmancer (magic disrupted).

Vanquished Creatures
  An orc warlord (Bailey)
  A stone giant (Volcano)
  A slime creature (D:9)
  Snorg (Orc:1)
  A catoblepas (D:9)
  An orc knight (Orc:1)
  4 deep elf pyromancers (Orc:2)
  3 deep elf zephyrmancers (Orc:2)
  3 orc sorcerers (Orc:1)
  Maurice (D:9)
  An efreet (Volcano)
  A troll (Orc:1)
  A vampire (D:7)
  A wyvern (D:8)
  6 yaks
  A fire elemental (Volcano)
  A basilisk (D:8)
  3 wargs
  An acid dragon (D:8)
  4 water moccasins (D:8)
  14 orc warriors
  2 ice beasts
  2 hornet zombies
  8 ogres
  A black bear (D:5)
  2 necrophages
  2 centaurs
  A phantom (D:5)
  A kobold brigand (D:7)
  9 bullfrogs
  A scorpion (D:5)
  2 earth elementals (Volcano)
  12 wights
  19 killer bees
  2 howler monkeys
  A centaur zombie (D:6)
  3 bullfrog zombies
  A centaur skeleton (D:7)
  9 orc priests
  A hound (D:5)
  2 gnoll shamans
  A bullfrog skeleton (D:5)
  2 iguanas (D:5)
  15 orc wizards
  Robin (D:2)
  A howler monkey zombie (D:8)
  10 gnolls
  14 adders
  2 white imps
  An adder skeleton (D:5)
  2 worms (D:2)
  3 dart slugs
  47 orcs
  8 endoplasms
  7 giant cockroaches
  25 goblins
  12 hobgoblins
  A jackal (D:4)
  22 kobolds
  3 quokkas
  14 ball pythons
  3 bats
  6 frilled lizards
  6 rats
338 creatures vanquished.

Vanquished Creatures (others)
  An orc wizard (D:8)
  31 fungi (D:8)
  52 plants
84 creatures vanquished.

Grand Total: 422 creatures vanquished

Notes
Turn   | Place    | Note
-------+----------+-------------------------------------------
     0 | D:1      | mopl the Minotaur Berserker began the quest for the Orb.
     0 | D:1      | Reached XP level 1. HP: 19/19 MP: 0/0
   178 | D:1      | Reached XP level 2. HP: 22/27 MP: 1/1
   184 | D:1      | Reached skill level 4 in Axes
   453 | D:1      | Reached skill level 1 in Unarmed Combat
   857 | D:2      | Reached skill level 4 in Fighting
   876 | D:2      | Reached XP level 3. HP: 14/33 MP: 2/2
  1005 | D:2      | Reached ** piety under Trog
  1225 | D:2      | Found a faded altar of an unknown god.
  1260 | D:2      | Noticed Robin
  1267 | D:2      | Reached skill level 3 in Armour
  1293 | D:3      | HP: 1/33 [goblin[Robin] (1)]
  1589 | D:2      | Killed Robin
  1678 | D:2      | Reached XP level 4. HP: 38/40 MP: 3/3
  1987 | D:3      | You fall into a shaft and drop 2 floors!
  1987 | D:5      | Entered Level 5 of the Dungeon
  1987 | D:5      | Found a blossoming altar of Fedhas.
  1994 | D:5      | Reached skill level 5 in Axes
  1994 | D:5      | Reached skill level 2 in Unarmed Combat
  1994 | D:5      | Reached XP level 5. HP: 47/47 MP: 4/4
  2000 | D:5      | Reached skill level 6 in Axes
  2000 | D:5      | Reached skill level 4 in Armour
  2000 | D:5      | Reached XP level 6. HP: 46/55 MP: 5/5
  2003 | D:5      | Reached skill level 5 in Fighting
  2020 | D:5      | Reached skill level 3 in Unarmed Combat
  2307 | D:4      | Found a glowing drain.
  2324 | Sewer    | Entered a sewer
  2424 | Sewer    | Reached *** piety under Trog
  2429 | Sewer    | Reached XP level 7. HP: 52/61 MP: 6/6
  2487 | Sewer    | Reached skill level 7 in Axes
  2793 | D:4      | Reached skill level 5 in Armour
  3664 | D:4      | Identified the +0 ring mail of Qazlal's Reproof {rC++
                  | Regen+ Dex-3}
  3664 | D:4      | Found a stormy altar of Qazlal.
  3750 | D:4      | Reached skill level 4 in Unarmed Combat
  3814 | D:4      | Identified the +2 leather armour of Negligence {Rampage rF-
                  | rCorr Dex+6}
  3829 | D:4      | Found an ornate altar of the Wu Jian Council.
  4398 | D:5      | Reached skill level 6 in Fighting
  4416 | D:5      | HP: 3/94 [ice beast (5)]
  4418 | D:5      | Reached skill level 8 in Axes
  4418 | D:5      | Reached XP level 8. HP: 4/70 MP: 7/7
  4799 | D:5      | Reached skill level 6 in Armour
  4801 | D:5      | Reached skill level 5 in Unarmed Combat
  4803 | D:5      | Reached skill level 9 in Axes
  4812 | D:5      | Reached skill level 7 in Fighting
  4828 | D:5      | Reached **** piety under Trog
  5282 | D:5      | Found an opulent altar of Gozag.
  5331 | D:5      | Found Maqeacs's Antique Armour Shop.
  5496 | D:5      | Found a hazy altar of Hepliaklqana.
  5656 | D:6      | Found a staircase to the Ecumenical Temple.
  5786 | D:6      | Reached XP level 9. HP: 79/79 MP: 8/8
  5888 | D:6      | Found a shimmering blue altar of Sif Muna.
  6025 | D:6      | Found a hide-covered altar of Uskayaw.
  6404 | D:7      | Reached skill level 10 in Axes
  6404 | D:7      | Reached skill level 7 in Armour
  6440 | D:7      | Reached skill level 1 in Evocations
  6482 | D:7      | Reached skill level 6 in Unarmed Combat
  6636 | D:7      | Reached skill level 8 in Fighting
  6647 | D:7      | Reached skill level 2 in Evocations
  6886 | D:7      | Found a sparkling altar of Nemelex Xobeh.
  7157 | D:7      | Found a radiant altar of Vehumet.
  7475 | D:8      | Reached skill level 11 in Axes
  7499 | D:8      | Reached XP level 10. HP: 73/90 MP: 9/9
  7509 | D:8      | Found a staircase to the Lair.
  7530 | D:8      | Reached skill level 8 in Armour
  7533 | D:8      | Reached skill level 3 in Evocations
  7945 | D:8      | Reached ***** piety under Trog
  8044 | D:8      | Reached skill level 7 in Unarmed Combat
  8379 | D:9      | Found a flagged portal.
  8392 | Bailey   | Entered a bailey
  8397 | Bailey   | Noticed an orc warlord
  8454 | Bailey   | Reached skill level 12 in Axes
  8476 | Bailey   | Found a runed translucent gate.
  8479 | Bailey   | Found a runed translucent gate.
  8480 | Bailey   | Found a runed translucent gate.
  8497 | Bailey   | Reached skill level 9 in Fighting
  8630 | Bailey   | Killed an orc warlord
  8631 | Bailey   | Reached skill level 1 in Throwing
  8653 | Bailey   | Reached skill level 10 in Fighting
  8653 | Bailey   | Reached skill level 13 in Axes
  8653 | Bailey   | Reached skill level 3 in Throwing
  8653 | Bailey   | Reached skill level 9 in Armour
  8653 | Bailey   | Reached skill level 5 in Evocations
  8653 | Bailey   | Reached XP level 11. HP: 92/99 MP: 10/10
  8657 | Bailey   | Got the Catalogue of Enthralling Toxins
  8771 | D:9      | Reached skill level 4 in Throwing
  9038 | D:9      | Found a staircase to the Orcish Mines.
  9108 | D:9      | Reached skill level 14 in Axes
  9169 | D:9      | Reached skill level 10 in Armour
  9345 | D:9      | Noticed Maurice
  9358 | D:9      | Killed Maurice
  9359 | D:9      | Reached XP level 12. HP: 75/107 MP: 11/11
  9397 | D:9      | Found a basalt altar of Yredelemnul.
  9441 | D:9      | Noticed a catoblepas
  9467 | D:9      | Killed a catoblepas
  9623 | Lair:1   | Entered Level 1 of the Lair of Beasts
  9686 | Orc:1    | Entered Level 1 of the Orcish Mines
  9780 | Orc:1    | Noticed Snorg
  9794 | Orc:1    | Killed Snorg
  9795 | Orc:1    | Reached skill level 5 in Throwing
  9795 | Orc:1    | Reached skill level 6 in Evocations
  9898 | Orc:1    | HP: 2/101 [orc sorcerer/bolt of fire[an orc knight] (36)]
 10046 | Orc:1    | Reached skill level 11 in Fighting
 10289 | Orc:2    | Entered Level 2 of the Orcish Mines
 10386 | Orc:2    | Received a gift from Trog
 10426 | Orc:2    | Found a staircase to the Elven Halls.
 10457 | Orc:2    | Found a dark tunnel.
 10466 | Volcano  | Entered a volcano
 10491 | Volcano  | Reached skill level 15 in Axes
 10557 | Volcano  | Noticed a stone giant
 10572 | Volcano  | Killed a stone giant
 10931 | Orc:2    | Reached skill level 6 in Throwing
 10931 | Orc:2    | Reached skill level 11 in Armour
 10949 | Orc:2    | HP: 3/165 [deep elf zephyrmancer/bolt of lightning (15)]
 10959 | Orc:2    | Killed from afar by a deep elf zephyrmancer

Illustrated notes

Levels and vault maps discovered:
D:1:      matt_arrival_refuge, layout_loops_cross, minmay_tetromino_l2
D:2:      layout_loops_corners, hellmonk_ecumenical_altar_zigzags, uniq_robin
D:3:      minmay_door_path, layout_loops_corners
D:4:      layout_basic, nicolae_qazlal_general_emergency,
          mainiacjoe_overflow_boulevard, portal_sewer_entry_d, serial_bayou,
          serial_bayou_crossing, serial_bayou_shore_b, serial_bayou_shore_b,
          serial_bayou_shore_a, serial_bayou_pond_b
D:5:      layout_basic, mainiacjoe_overflow_small_starburst, fedhas_altar_2,
          serial_shops, shop_statue, minmay_ruined_shrine
D:6:      layout_basic, amcnicky_altar_gilded, mainiacjoe_overflow_chevrons,
          temple_fountains, palyth_stone_intersect
D:7:      layout_basic, kennysheep_little_box, fiery_altar_vehumet,
          serial_park_tiny_1, hex_medium, serial_park_tiny_1, minivault_22,
          eino_jars
D:8:      layout_loops_ring, due_lair_maze_entry_diamond, minivault_11
D:9:      layout_roguey, yredelemnul_altar_generic, erik_orc_3, enter_bailey_3,
          minivault_23, uniq_maurice
Lair:1:   layout_big_grid, basic_altar, minmay_stone_trees_small,
          infiniplex_staircase_pool_2, grunt_megastairs_3, uniq_nergalle
Orc:1:    layout_caves, minmay_orc_temple_a, uniq_snorg
Orc:2:    st_orc_open, layout_caves, lightli_volcano_entry_magma_tube,
          elves_outpost_lemuel

Skill      XL: |  1  2  3  4  5  6  7  8  9 10 11 12 |
---------------+-------------------------------------+-----
Axes           | 4 5 6 8 9 11 13 14 15 | 15.5
Unarmed Combat | 1 2 3 4 5 6 7 |  7.1
Fighting       | 4 5 6 7 8 10 11 | 11.5
Armour         | 3 4 5 6 7 9 10 11 | 11.1
Evocations     | 2 5 6 |  6.7
Throwing       | 3 4 6 |  6.1
Dodging        | |  2.1

Action                   |  1- 3 |  4- 6 |  7- 9 | 10-12 || total
-------------------------+-------+-------+-------+-------++-------
Melee: Hand axe          |    82 |    36 |       |       ||   118
       Headbutt          |    17 |     7 |    41 |    66 ||   131
       War axe           |       |    38 |   258 |   341 ||   637
       Punch             |       |     3 |     9 |    18 ||    30
       Executioner's axe |       |       |       |    36 ||    36
Throw: Dart              |       |       |       |     8 ||     8
Invok: Berserk           |     2 |     1 |     9 |    11 ||    23
       Trog's Hand       |       |       |       |     2 ||     2
Evoke: Wand              |       |       |       |     4 ||     4
       Piece from Xom's  |       |       |       |     1 ||     1
  Use: Potion            |       |       |       |     3 ||     3
       Scroll            |       |       |       |     9 ||     9
 Stab: Petrified         |       |       |       |     7 ||     7
       Paralysed         |       |       |       |     2 ||     2
       Petrifying        |       |       |       |     1 ||     1
Armor: Animal skin       |     5 |       |       |       ||     5
       Scale mail        |    22 |       |       |       ||    22
       Fire dragon scale |     3 |    43 |   140 |    64 ||   250
       Plate armour      |       |       |       |   100 ||   100
       Chain mail        |       |       |       |     1 ||     1
Dodge: Dodged            |    54 |    56 |   141 |    95 ||   346
Block: Other             |       |       |    33 |    68 ||   101
